AoeStats
← JustinMerendino

Four Lakes

503176521Analyzed
3v3 RM · 1mo ago on Aug 30, 2026· 49m 10s· 6 players
Game mode
Random Map
Map size
Normal (6 player)
Population
200
Speed
Normal
Resources
Standard
Victory
Conquest
Starting age
Dark Age
Ending age
Imperial Age
RankedLock teamsTeams togetherTeam positionsShared explorationLock speedFull tech treeHidden civsTurbo modeCheats
Victory
Defeat
🇩🇪 Saracens · Germany
1085
+16
🇭🇰 Goths · Hong Kong SAR China
1073
+17
🇦🇺 Byzantines · Australia
1017
+19
🇹🇼 Vietnamese · Taiwan
1106
-18
🇭🇰 Mongols · Hong Kong SAR China
1105
-18
🇭🇰 Persians · Hong Kong SAR China
1048
-16
cl12272003
1:29 Loom
11:04 Feudal Age
11:33 Double-Bit Axe
11:38 Fishing Lines
12:16 Horse Collar
18:40 Castle Age
19:11 Scale Mail Armor
19:22 Forging
19:38 Town Watch
20:28 Wheelbarrow
20:30 Bow Saw
20:31 Gillnets
22:02 Stone Mining
22:48 Hand Cart
24:44 Heavy Plow
25:36 Stone Shaft Mining
25:00 Gold Mining
25:23 Squires
27:11 Town Patrol
29:25 Anarchy
28:48 Man-at-Arms
29:10 Pikeman
30:33 Chain Mail Armor
30:53 Iron Casting
30:59 Long Swordsman
34:32 Imperial Age
34:56 Capped Ram
36:43 Two-Man Saw
36:17 Crop Rotation
35:19 Two-Handed Swordsman
36:39 Champion
39:41 Blast Furnace
39:35 Conscription
39:51 Halberdier
42:08 Elite Huskarl
42:53 Perfusion
47:43 Sappers
Kevlar Kevin
7:10 Loom
9:32 Feudal Age
10:31 Double-Bit Axe
23:23 Castle Age
22:04 Fletching
22:15 Padded Archer Armor
22:21 Horse Collar
22:47 Gold Mining
23:41 Crossbowman
24:43 Bodkin Arrow
26:08 Leather Archer Armor
29:10 Bow Saw
29:19 Elite Skirmisher
31:48 Thumb Ring
34:53 Pikeman
35:19 Arson
36:41 Wheelbarrow
36:07 Heavy Plow
41:08 Hand Cart
44:17 Imperial Age
43:26 Squires
43:45 Bloodlines
43:35 Husbandry
43:42 Scale Barding Armor
46:44 Chemistry
46:52 Conscription
46:49 Forging
48:15 Chain Barding Armor
48:31 Iron Casting
48:53 Elite Mameluke
JustinMerendino
9:15 Loom
12:06 Feudal Age
16:48 Castle Age
15:08 Fletching
15:12 Fishing Lines
17:28 Double-Bit Axe
18:38 Bow Saw
18:28 Gillnets
18:47 Padded Archer Armor
18:45 Bodkin Arrow
18:46 Gold Mining
22:01 Crossbowman
24:10 Leather Archer Armor
25:26 Wheelbarrow
25:30 Thumb Ring
26:49 Hand Cart
28:02 Ballistics
27:23 Treadmill Crane
28:06 Stone Mining
28:55 Gold Shaft Mining
35:27 Scale Barding Armor
35:33 Forging
37:56 Imperial Age
37:18 Stone Shaft Mining
37:02 Husbandry
37:27 Elite Skirmisher
38:00 Cavalier
39:02 Chain Barding Armor
39:18 Iron Casting
38:44 Bracer
38:07 Arbalester
38:13 Capped Ram
42:00 Plate Barding Armor
41:25 Scale Mail Armor
42:11 Conscription
41:50 Pikeman
42:30 Squires
42:16 Gambesons
42:16 Arson
43:46 Halberdier
45:42 Chain Mail Armor
45:05 Light Cavalry
45:40 Hussar
48:49 Guilds
Mayho
11:36 Feudal Age
13:15 Fishing Lines
17:50 Double-Bit Axe
19:24 Horse Collar
23:04 Castle Age
21:16 Gold Mining
24:01 Wheelbarrow
24:07 Wheelbarrow
23:18 Loom
24:30 Stone Mining
25:17 Gold Shaft Mining
29:21 Husbandry
29:31 Bloodlines
28:42 Light Cavalry
30:45 Stone Shaft Mining
33:22 Imperial Age
32:18 Bow Saw
34:43 Conscription
35:14 Ballistics
36:41 Gillnets
36:32 Cavalier
38:55 Hand Cart
40:38 Heavy Plow
41:05 Scale Barding Armor
41:10 Forging
43:38 Iron Casting
43:24 Chain Barding Armor
46:03 Chemistry
KuPanda
8:11 Loom
10:38 Feudal Age
10:42 Man-at-Arms
12:54 Arson
16:20 Double-Bit Axe
22:47 Wheelbarrow
24:52 Castle Age
22:55 Fletching
22:53 Fishing Lines
23:38 Horse Collar
24:19 Gold Mining
26:39 Bow Saw
27:27 Bodkin Arrow
28:59 Wheelbarrow
35:41 Imperial Age
33:42 Gillnets
39:21 Hand Cart
44:00 Gold Shaft Mining
44:06 Bracer
夕海真雪
11:17 Feudal Age
12:17 Double-Bit Axe
15:39 Castle Age
13:43 Fishing Lines
13:59 Horse Collar
14:12 Double-Bit Axe
16:03 Wheelbarrow
17:10 Bow Saw
16:45 Horse Collar
17:04 Gillnets
17:50 Loom
18:13 Heavy Plow
22:29 Hand Cart
21:59 Crossbowman
23:40 Fletching
23:51 Padded Archer Armor
24:59 Thumb Ring
25:15 Bodkin Arrow
25:57 Stone Mining
26:03 Gold Mining
27:03 Town Watch
28:44 Elite Skirmisher
29:58 Leather Archer Armor
33:32 Imperial Age
33:48 Chatras
33:37 Imperial Skirmisher
34:51 Bloodlines
34:42 Husbandry
34:59 Forging
34:49 Bracer
35:21 Ring Archer Armor
36:01 Paper Money
36:29 Elite Battle Elephant
37:47 Town Patrol
37:54 Town Patrol
39:29 Hoardings
39:25 Arbalester
40:54 Scale Barding Armor
41:25 Iron Casting
45:28 Chain Barding Armor
45:09 Scale Mail Armor
46:23 Crop Rotation
47:43 Plate Barding Armor
Connection lost

Rejoining the realm…

Still unreachable

The connection could not be restored.

Session expired

The server has moved on; the page needs a fresh start.